Map: Terraform LE (Void)

Players

Stevie

  • Race: Zerg Zerg
  • League: Bronze

HzVee - Winner!

  • Race: Protoss Protoss

VOD

Have the link to the VOD?

Description

Time

  • Played on: Oct. 1, 2015, 7:38 p.m.
  • Length: 11:00
Show
View Real Time Build Order
Export as new Build Order

Stevie Zerg 

Build Orders: Hatch First 

Get SALT Encoding   

  12  0:02  Drone  
  13  0:12  Overlord  
  13  0:19  Drone  
  14  0:31  Drone x2  
  16  0:36  Drone  
  17  0:46  Drone  
  18  1:00  Hatchery  
  18  1:03  Drone  
  18  1:13  Drone  
  19  1:19  Spawning Pool  
  19  1:22  Drone  
  19  1:43  Drone x2  
  19  1:45  Extractor  
  20  1:50  Drone  
  21  2:08  Zergling x2  
  21  2:12  Queen  
  21  2:14  Overlord  
  24  2:16  Zergling x2  
  25  2:29  Drone  
  26  2:30  Drone  
  27  2:43  Drone x2  
  27  2:44  Drone  
  30  2:46  Queen  
  30  2:48  Overlord  
  32  2:51  Metabolic Boost  
  32  3:05  Roach Warren, Zergling x6  
  34  3:39  Extractor  
  33  3:45  Roach x2  
  33  3:46  Roach x3  
  43  3:49  Overlord  
  42  3:58  Hatchery  
  41  4:12  Overlord  
  41  4:13  Roach x3  
  47  4:21  Extractor  
  47  4:22  Extractor  
  46  4:31  Drone x4  
  46  4:32  Evolution Chamber, Drone x3  
  46  4:33  Evolution Chamber  
  50  4:52  Overlord x2  
  50  4:55  Drone  
  51  5:01  Lair  
  51  5:11  Spine Crawler  
  50  5:14  Zerg Melee Weapons Level 1  
  50  5:22  Roach  
  50  5:23  Zergling x6  
  50  5:24  Zergling x12  
  61  5:33  Roach x2  
  65  5:42  Overlord, Spine Crawler  
  64  6:01  Glial Reconstitution  
  64  6:04  Zergling x6  
  64  6:05  Zergling x6  
  70  6:12  Zergling x4  
  70  6:13  Zergling x2  
  73  6:20  Zerg Ground Armor Level 1  
  73  6:25  Overlord  
  73  6:46  Drone x7  
  80  6:48  Drone  
  80  6:54  Overlord  
  80  7:29  Roach  
  86  7:30  Roach x4  
  86  7:32  Overlord x4  
  59  8:01  Zergling x8  
  59  8:02  Zergling x12  
  59  8:03  Zergling x14  
  76  8:07  Queen  
  56  8:33  Roach  
  56  8:34  Roach x6  
  64  8:37  Zerg Melee Weapons Level 2  
  70  8:42  Zerg Ground Armor Level 2  
  66  8:51  Zergling x10  
  66  8:54  Roach  
  60  9:03  Roach  
  60  9:04  Roach x2  
  66  9:22  Zergling x6  
  66  9:23  Zergling x12  
  66  9:24  Zergling x4  
  77  9:40  Hydralisk Den, Roach x2  
  77  9:41  Roach x3  
  77  9:43  Zergling x2  
  77  9:45  Zergling x2  
  82  10:20  Zergling x12  
  82  10:21  Zergling x12  
  81  10:22  Zergling x12  
  81  10:23  Zergling x2  
  57  10:36  Roach x3  
  57  10:37  Roach x2  
Show
View Real Time Build Order
Export as new Build Order

HzVee Protoss - Winner!

Build Orders:  

Get SALT Encoding   

  12  0:01  Probe (Chrono Boost)  
  13  0:12  Probe (Chrono Boost)  
  14  0:20  Pylon  
  14  0:21  Probe (Chrono Boost)  
  15  0:37  Probe (Chrono Boost), Assimilator  
  16  0:45  Gateway  
  16  0:47  Probe (Chrono Boost)  
  17  0:57  Probe (Chrono Boost)  
  18  1:10  Gateway  
  18  1:15  Probe (Chrono Boost)  
  19  1:19  Assimilator  
  19  1:25  Probe (Chrono Boost)  
  20  1:33  Cybernetics Core  
  20  1:35  Pylon  
  20  1:48  Pylon  
  20  1:51  Probe (Chrono Boost)  
  21  1:57  Zealot (Chrono Boost)  
  23  2:01  Probe  
  23  2:07  Warp Gate (Chrono Boost)  
  26  2:22  Robotics Facility  
  24  2:33  Adept (Chrono Boost)  
  24  2:36  Adept (Chrono Boost)  
  28  2:40  Mothership Core  
  30  3:03  Nexus  
  30  3:12  Pylon  
  30  3:18  Observer  
  31  3:41  Immortal (Chrono Boost)  
  35  4:07  Stalker  
  35  4:08  Stalker  
  39  4:17  Probe  
  40  4:26  Pylon  
  40  4:27  Probe  
  40  4:28  Gateway  
  41  4:37  Probe  
  41  4:38  Stalker  
  43  4:39  Stalker  
  46  4:47  Probe  
  47  4:57  Probe  
  48  5:04  Stalker  
  48  5:05  Stalker  
  48  5:07  Probe  
  53  5:14  Immortal (Chrono Boost)  
  53  5:16  Probe  
  58  5:26  Probe  
  58  5:30  Assimilator  
  58  5:33  Assimilator  
  59  5:36  Probe  
  59  5:39  Pylon  
  60  5:44  Adept  
  60  5:46  Probe  
  63  5:56  Probe  
  63  5:59  Robotics Bay  
  63  6:02  Pylon  
  64  6:05  Immortal (Chrono Boost)  
  64  6:06  Probe  
  69  6:15  Adept  
  69  6:16  Probe  
  72  6:26  Probe  
  73  6:34  Forge  
  73  6:36  Probe  
  74  6:46  Probe  
  74  6:50  Adept  
  74  6:51  Adept x2  
  80  7:12  Stalker x3  
  86  7:25  Nexus  
  86  7:26  Pylon  
  86  7:28  Protoss Ground Weapons Level 1 (Chrono Boost)  
  76  7:44  Adept x2  
  76  7:45  Adept  
  76  7:58  Colossus  
  76  8:06  Stalker  
  76  8:07  Stalker x2  
  82  8:37  Probe  
  82  8:38  Pylon  
  83  8:41  Pylon  
  83  8:42  Colossus  
  83  8:45  Stalker x3  
  83  8:47  Probe x2  
  91  8:57  Probe  
  91  8:59  Probe  
  93  9:07  Probe  
  94  9:11  Probe  
  95  9:17  Probe  
  95  9:18  Stalker x3  
  95  9:23  Probe  
  103  9:27  Probe  
  104  9:37  Probe  
  104  9:40  Twilight Council  
  104  9:45  Gateway  
  105  9:47  Probe  
  105  9:49  Pylon  
  105  9:52  Probe  
  107  9:55  Stalker x3  
  107  9:57  Probe  
  114  10:04  Probe  
  115  10:08  Gateway  
  115  10:16  Probe  
  98  10:30  Stalker  
  98  10:31  Stalker x2  
  100  10:37  Probe  
  101  10:45  Gateway  
  101  10:47  Gateway, Probe  
  101  10:49  Gateway  
  102  10:51  Photon Cannon  
  102  10:55  Photon Cannon  
Tags
 
Add a new tag
Caveats
  • Supply blocks, unpowered buildings, or Contaminate may cause inaccurate times.
  • Supply counts are checked every 10 seconds.